 Dungeon Crawl Stone Soup version 0.22-a0-247-gbddf880 (webtiles) character file.

100 nikopol the Firebug (level 4, -8/24 HPs)
             Began as a Deep Elf Fire Elementalist on Feb 27, 2018.
             Killed from afar by nikopol's ghost (14 damage)
             ... with a puff of flame
             ... on level 3 of the Dungeon.
             The game lasted 00:08:18 (1663 turns).

nikopol the Firebug (Deep Elf Fire Elementalist)    Turns: 1663, Time: 00:08:19

Health: -8/24      AC:  5    Str:  9    XL:     4   Next: 46%
Magic:  3/12       EV: 13    Int: 21    God:
Gold:   108        SH:  0    Dex: 15    Spells: 5/11 levels left

rFire    . . .     SeeInvis .   i - -2 dagger (curse)
rCold    . . .     Gourm    .   (no shield)
rNeg     . . .     Faith    .   a - +0 robe
rPois    .         Spirit   .   (no helmet)
rElec    .         Reflect  .   t - +1 cloak
rCorr    .         Harm     .   p - +0 pair of gloves (curse)
MR       .....                  (no boots)
Stlth    ++........             (no amulet)
HPRegen  0.08/turn              c - ring of wizardry
MPRegen  0.13/turn              l - +4 ring of strength

@: drained
A: no striking features
a: no special abilities


You were on level 3 of the Dungeon.
You were hungry.

You visited 1 branch of the dungeon, and saw 3 of its levels.

You collected 108 gold pieces.

Inventory:

Hand Weapons
 i - a cursed -2 dagger (weapon)
Armour
 a - a +0 robe (worn)
 p - a cursed +0 pair of gloves (worn)
 t - a +1 cloak (worn)
Jewellery
 c - a ring of wizardry (left hand)
 l - a +4 ring of strength (right hand)
Scrolls
 d - 5 scrolls of identify {unknown}
 e - 3 scrolls of remove curse {unknown}
 f - a scroll of enchant weapon {unknown}
 g - 2 scrolls of enchant armour {unknown}
 k - 2 scrolls of teleportation {unknown}
 n - a scroll of magic mapping {unknown}
Potions
 j - 3 potions of lignification {unknown}
 m - a potion of flight {unknown}
 o - 2 potions of magic {unknown}
 q - 2 potions of curing {unknown}
 r - a potion of berserk rage {unknown}
 s - a potion of resistance {unknown}
Comestibles
 b - 5 rations
 h - 2 chunks of flesh


   Skills:
 + Level 2.6(2.4) Dodging
 + Level 2.8(2.5) Stealth
 + Level 4.0(3.8) Spellcasting
 + Level 2.2(2.0) Conjurations
 + Level 4.6(4.3) Fire Magic


You had 5 spell levels left.
You knew the following spells:

 Your Spells              Type           Power        Failure   Level  Hunger
a - Flame Tongue          Conj/Fire      ###..        1%          1    None
b - Throw Flame           Conj/Fire      ###...       1%          2    #......
c - Conjure Flame         Conj/Fire      ###.....     4%          3    ###....


Dungeon Overview and Level Annotations

Branches:
Dungeon (3/15)

Altars:

Annotations:
D:3 nikopol's ghost, amateur DEFE


Message History

Press: ? - help, Shift-Dir - straight line, f/p - nikopol's ghost
Aim: nikopol's ghost (moderately damaged)
The flame tongue hits nikopol's ghost.
Nikopol's ghost is moderately damaged.
Casting: Flame Tongue (safe; 1% risk of failure)
Confirm with . or Enter, or press ? or * to list all spells.
Aiming: Flame Tongue (safe; 1% risk of failure)
Press: ? - help, Shift-Dir - straight line, f/p - nikopol's ghost
Aim: nikopol's ghost (moderately damaged)
The flame tongue hits nikopol's ghost.
Nikopol's ghost is heavily damaged.
Nikopol's ghost casts a spell at you. The flame tongue hits you!
Ouch! That really hurt!
* * * LOW HITPOINT WARNING * * *
Nikopol's ghost says, "You will join me soon!"
Nikopol's ghost gestures at you while chanting.
The puff of flame hits you!
Ouch! That really hurt!
You die...

.. .). ...##########
............# ##########
............#####........#
............#
............###.@........#
###.........# ###........#
#.........# #........#
#.........# ####.#####
###.........# #..#
#....##.##### ###<##
..#####.# ##...##########
### #.# #..#..........#
#######.#
#####.##..........#


You could see nikopol's ghost.

Vanquished Creatures
  Terence (D:1)
  An adder (D:3)
  A shadow imp (D:3)
  An ooze (D:1)
  2 worms
  A dart slug (D:3)
  3 leopard geckos
  A giant cockroach (D:2)
  5 goblins
  3 hobgoblins
  4 jackals (D:2)
  8 kobolds
  3 bats
  2 frilled lizards
  8 rats
44 creatures vanquished.

Notes
Turn   | Place    | Note
-------+----------+-------------------------------------------
     0 | D:1      | nikopol the Deep Elf Fire Elementalist began the quest for the Orb.
     0 | D:1      | Reached XP level 1. HP: 10/10 MP: 6/6
    88 | D:1      | Reached XP level 2. HP: 15/15 MP: 6/8
   105 | D:1      | Learned a level 2 spell: Throw Flame
   702 | D:2      | Reached XP level 3. HP: 19/19 MP: 8/10
   707 | D:2      | Learned a level 3 spell: Conjure Flame
   747 | D:2      | Noticed Terence
  1099 | D:1      | Killed Terence
  1224 | D:2      | Reached XP level 4. HP: 24/24 MP: 9/12
  1543 | D:3      | Noticed nikopol's ghost (amateur DEFE)
  1663 | D:3      | Killed from afar by nikopol's ghost

Vault maps used:
D:1:      dpeg_arrival_simpleton_c
D:2:      first_ration, uniq_terence
D:3:      kennysheep_flooded_box

Skill      XL: |  1  2  3  4 |
---------------+-------------+-----
Fire Magic     | 4 |  4.6
Spellcasting   | 4 |  4.0
Conjurations   | 2 |  2.2
Dodging        | |  2.6
Stealth        | |  2.8

Action                   |  1- 3 |  4- 6 || total
-------------------------+-------+-------++-------
 Cast: Flame Tongue      |    54 |    29 ||    83
       Throw Flame       |     6 |     2 ||     8
       Conjure Flame     |     1 |     1 ||     2
  Eat: Chunk             |     1 |     1 ||     2
Armor: Robe              |     1 |     1 ||     2
Dodge: Dodged            |     8 |     5 ||    13

Table legend:
 A = Spawn XP
 B = Non-spawn XP
 C = Spawn XP percentage of total XP
 D = Spawn monster count
 E = Non-spawn monster count
 F = Spawn count percentage of total count
 G = Total turns spent on level
                    A         B        C        D         E        F      G
               +---------+---------+-------+---------+---------+-------+---------
         Total |       0 |     143 |   0.0 |       0 |      44 |   0.0 |  1663
               +---------+---------+-------+---------+---------+-------+---------
           D:1 |       0 |      67 |   0.0 |       0 |      18 |   0.0 |   897
           D:2 |       0 |      36 |   0.0 |       0 |      19 |   0.0 |   617
           D:3 |       0 |      40 |   0.0 |       0 |       7 |   0.0 |   149
               +---------+---------+-------+---------+---------+-------+---------
